 Dungeon Crawl Stone Soup version 0.30.0-13-g156ef70053 (webtiles) character file.

Game seed: 2589196498135634827

53 Charmandara the Magician (level 4, 0/46 HPs)
             Began as a Djinni Ice Elementalist on May 16, 2023.
             Slain by Pikel
             ... wielding a +1 whip of electrocution
              (8 damage)
             ... on level 4 of the Dungeon on May 17, 2023.
             The game lasted 00:06:59 (1325 turns).

Charmandara the Magician (Djinni Ice Elementalist)  Turns: 1325, Time: 00:06:59

Health: 0/46       AC:  9    Str:  7    XL:     4   Next: 10%
Gold:   136        EV: 12    Int: 18    God:
                   SH:  0    Dex: 14

rFire   + + .        d - +2 dagger (freeze)
rCold   x . .        (no shield)
rNeg    . . .        a - +0 robe
rPois   ∞            (no helmet)
rElec   .            (no cloak)
rCorr   .            (no gloves)
SInv    .            (boots unavailable)
Will    .....        (no amulet) Stlth
                     (no ring)
HPRegen 0.27/turn    (no ring)
MPRegen 0.00/turn

%: infuse magic (-1 HP)
@: brilliant, berserking, ice-armoured, freezing walls, flying, very quick
A: sickness immunity, fire resistance 2, cold vulnerability 1, float, innate
caster, HP casting, extra vitality 1
a: no special abilities


You were on level 4 of the Dungeon.
You visited 1 branch of the dungeon, and saw 3 of its levels.

You collected 136 gold pieces.

Inventory:

Hand Weapons
 d - a +2 dagger of freezing (weapon)
Armour
 a - a +0 robe (worn)
Jewellery
 b - an amulet of guardian spirit
 c - a ring of protection from cold
Scrolls
 e - a scroll of magic mapping {unknown}
 g - a scroll of noise {unknown}
 k - a scroll of poison {unknown}
 l - a scroll of immolation {unknown}
 m - a scroll of enchant weapon {unknown}
Potions
 h - a potion of ambrosia
 j - 2 potions of brilliance


   Skills:
 - Level 2.1 Dodging
 - Level 1.5 Stealth
 + Level 4.3 Spellcasting


You knew the following spells:

 Your Spells              Type           Power      Damage    Failure   Level
a - Freeze                Ice            100%       1d10      2%          1
b - Summon Ice Beast      Ice/Summ       29%        N/A       24%         4
o - Ozocubu's Armour      Ice            29%        N/A       8%          3
r - Frozen Ramparts       Ice            58%        1d9       8%          3
z - Beastly Appendage     Tmut           58%        N/A       2%          1
Your spell library was empty.

Dungeon Overview and Level Annotations

Branches:
Dungeon (2/15)

Altars:
Ashenzari

Shops:
D:2 *   D:4 [

Annotations:
D:4 Pikel


Innate Abilities, Weirdness & Mutations

You are immune to sickness and miasma.
You are immune to poison.
Your flesh is very heat resistant. (rF++)
You are vulnerable to cold. (rC-)
You float through the air rather than walking.
You learn spells naturally, not from books.
Your magical power is your life essence.
You have superior vitality. (+4 MHP)


Message History

Unknown command.
You aren't carrying any items that you can evoke.
Unknown command.
Okay, then.
You feel clever all of a sudden.
A lemure comes into view.
Casting: Beastly Appendage (safe; 2% risk of failure)
Confirm with . or Enter, or press ? or * to list all spells.
The spell is quite dangerous to miscast (8% risk of failure)!
Continue anyway?
Casting: Frozen Ramparts (quite dangerous; 8% risk of failure)
Press: ? - help, Dir - look around, f - activate You feel a surge of power!
The walls around you are covered in ice.
The wall freezes Pikel but does no damage.
Unknown command.
Unknown command.
Casting: Frozen Ramparts (quite dangerous; 8% risk of failure)
Confirm with . or Enter, or press ? or * to list all spells.
The spell is quite dangerous to miscast (8% risk of failure)!
Continue anyway?
You feel a surge of power! A film of ice covers your body!
The wall freezes Pikel.
Pikel hits you with a +1 whip of electrocution.
You are electrocuted!
Ouch! That really hurt!
* * * LOW HITPOINT WARNING * * *
Unknown command.
Unknown command.
Unknown command.
It was a potion of berserk rage.
A red film seems to cover your vision as you go berserk!
You feel yourself moving faster!
You feel mighty!
The wall freezes Pikel but does no damage.
Pikel hits you but does no damage.
You barely miss Pikel. Your punch misses Pikel.
Pikel is lightly wounded.
You closely miss Pikel. Your punch misses Pikel.
Pikel is lightly wounded.
The wall freezes Pikel!
Pikel hits you with a +1 whip of electrocution!
You die...

.......).############
PPPPP..............## .
..............####.## ..
...###.#..###.# #.##
...... #.#....#.####.##
..... #.######......##
..... #.............##
......#########.......##
.....5K@.............##
.....5##.........#'###
..... #.#########.# ....
#........ #.# ...
#.......# #.# ..
#.####### #.# . #.. #.#
##. #.# . #+#


You could see Pikel and 2 lemures.

Vanquished Creatures
  7 ball pythons
  3 endoplasms (D:1)
  4 giant cockroaches
  4 goblins
  6 hobgoblins
  3 jackals
  5 kobolds
  2 quokkas (D:2)
  3 bats
  3 frilled lizards
  6 rats
46 creatures vanquished.

Notes
Turn   | Place    | Note
-------+----------+-------------------------------------------
     0 | D:1      | Charmandara the Djinni Ice Elementalist began the quest for
                  | the Orb.
     0 | D:1      | Charmandara set off with the following spells memorised:
                  | Freeze, Frozen Ramparts, Ozocubu's Armour, Summon Ice
                  | Beast.
     0 | D:1      | Reached XP level 1. HP: 15/15 MP: 0/0
   142 | D:1      | Reached XP level 2. HP: 12/21 MP: 0/0
   258 | D:1      | Upgraded the game from 0.30.0-11-gf55b779eaf to
                  | 0.30.0-13-g156ef70053
   424 | D:1      | Reached XP level 3. HP: 7/25 MP: 0/0
   424 | D:1      | Learned a level 1 spell: Beastly Appendage
   627 | D:1      | Reached skill level 4 in Spellcasting
   751 | D:2      | Found Wonazoit's General Store.
  1189 | D:2      | Reached XP level 4. HP: 31/31 MP: 0/0
  1204 | D:2      | You are sucked into a shaft and drop 2 floors!
  1204 | D:4      | Found Vedgheudih's Armour Emporium.
  1240 | D:4      | Found a broken altar of Ashenzari.
  1319 | D:4      | Noticed Pikel
  1319 | D:4      | Noticed a lemure
  1319 | D:4      | Noticed a lemure
  1319 | D:4      | Noticed a lemure
  1320 | D:4      | Noticed a lemure
  1325 | D:4      | Slain by Pikel

Illustrated notes

Levels and vault maps discovered:
D:1:      dpeg_arrival_rooms_with_view, layout_rooms
D:2:      layout_basic, serial_shops, nicolae_square_shop
D:4:      layout_basic, mainiacjoe_overflow_cross_hatched, serial_shops,
          nicolae_shop_competitors_out_of_business, nicolae_shop_tiny_glass,
          nicolae_shop_pleasant_corner_grove, nicolae_shop_waterfront,
          nicolae_shop_stone, uniq_pikel

Skill      XL: |  1  2  3 |
---------------+----------+-----
Spellcasting   | 4 |  4.3
Dodging        | |  2.1
Stealth        | |  1.5

Action                     |  1- 3 |  4- 6 || total
---------------------------+-------+-------++-------
  Melee: Dagger            |    19 |     4 ||    23
         Headbutt          |       |     1 ||     1
   Cast: Freeze            |    41 |     5 ||    46
         Frozen Ramparts   |     2 |     1 ||     3
         Ozocubu's Armour  |       |     1 ||     1
         Beastly Appendage |       |     1 ||     1
    Use: Scroll            |     3 |       ||     3
         Potion            |       |     2 ||     2
   Stab: Sleeping          |     4 |     1 ||     5
 Armour: Robe              |    17 |     2 ||    19
  Dodge: Dodged            |    45 |     3 ||    48
